Workbook
Name AktivListe: Kontenrahmen!$M$2:$M$3
Name BerichtListe: Kontenrahmen!$L$2:$L$3
Name KontenGruppen: Kontenrahmen!$J$2:$J$6
Name KontenListe: Kontenrahmen!$A$5:$A$27
Name KontenNamen: Kontenrahmen!$B$5:$B$27
Name NaturListe: Kontenrahmen!$K$2:$K$3

Sheet Start
A1: Doppelte Buchhaltung – Excel Vorlage
A2: Einfache und funktionale Vorlage für kleine Unternehmen und Freelancer
A4: So wird die Datei benutzt
A5: 1. Konten im Blatt "Kontenrahmen" prüfen oder anpassen
A6: 2. Buchungen im Blatt "Journal" erfassen
A7: 3. Kontoauswertungen im Blatt "Hauptbuch" prüfen
A8: 4. Summen, GuV und Bilanz im Blatt "Berichte" ansehen
A11: Schnellüberblick
A12: Anzahl Buchungen | B12: =COUNTIF(Journal!$K$6:$K$305,"OK")+COUNTIF(Journal!$K$6:$K$305,"Prüfen") -> 11
A13: Summe Buchungen | B13: =SUMIFS(Journal!$I$6:$I$305,Journal!$K$6:$K$305,"OK") -> 28398
A14: Ungültige Buchungen | B14: =COUNTIF(Journal!$K$6:$K$305,"Prüfen") -> 0
A15: Jahresergebnis | B15: =Berichte!J9 -> -398
A16: Status Prüfung | B16: =IF(AND(B14=0,Berichte!J17=0),"OK","Prüfen") -> OK
A19: Hinweis
A20: Komplexe Vorgänge mit mehreren Gegenkonten können über mehrere Zeilen mit derselben Belegnummer erfasst werden.
A22: Die ersten Buchungen im Journal sind als Beispieldaten eingetragen und können überschrieben werden.
A24: Tipp:
A25: Für neue Buchungen einfach die nächste freie Zeile im Journal nutzen.

Sheet Kontenrahmen
A1: Doppelte Buchhaltung - Kontenrahmen | J1: Listen
A2: Bearbeitbare Basis-Konten | J2: Aktiva | K2: Soll | L2: Bilanz | M2: Ja
J3: Passiva | K3: Haben | L3: GuV | M3: Nein
A4: Konto_Nr | B4: Konto_Name | C4: Hauptgruppe | D4: Untergruppe | E4: Natur | F4: Bericht | G4: Aktiv | J4: Eigenkapital
A5: 1000 | B5: Kasse | C5: Aktiva | D5: Liquide Mittel | E5: Soll | F5: Bilanz | G5: Ja | J5: Ertrag
A6: 1020 | B6: Bank | C6: Aktiva | D6: Liquide Mittel | E6: Soll | F6: Bilanz | G6: Ja | J6: Aufwand
A7: 1200 | B7: Forderungen aus LuL | C7: Aktiva | D7: Forderungen | E7: Soll | F7: Bilanz | G7: Ja
A8: 1400 | B8: Sonstige Forderungen | C8: Aktiva | D8: Forderungen | E8: Soll | F8: Bilanz | G8: Ja
A9: 1600 | B9: Anlagevermögen | C9: Aktiva | D9: Anlagevermögen | E9: Soll | F9: Bilanz | G9: Ja
A10: 1800 | B10: Vorsteuer | C10: Aktiva | D10: Steuer | E10: Soll | F10: Bilanz | G10: Ja
A11: 3000 | B11: Eigenkapital | C11: Eigenkapital | D11: Kapital | E11: Haben | F11: Bilanz | G11: Ja
A12: 3200 | B12: Jahresergebnis | C12: Eigenkapital | D12: Ergebnis | E12: Haben | F12: Bilanz | G12: Ja
A13: 3300 | B13: Verbindlichkeiten aus LuL | C13: Passiva | D13: Verbindlichkeiten | E13: Haben | F13: Bilanz | G13: Ja
A14: 3400 | B14: Sonstige Verbindlichkeiten | C14: Passiva | D14: Verbindlichkeiten | E14: Haben | F14: Bilanz | G14: Ja
A15: 3500 | B15: Umsatzsteuer | C15: Passiva | D15: Steuer | E15: Haben | F15: Bilanz | G15: Ja
A16: 4000 | B16: Umsatzerlöse | C16: Ertrag | D16: Umsatz | E16: Haben | F16: GuV | G16: Ja
A17: 4100 | B17: Sonstige betriebliche Erträge | C17: Ertrag | D17: Sonstige Erträge | E17: Haben | F17: GuV | G17: Ja
A18: 5000 | B18: Wareneinkauf | C18: Aufwand | D18: Einkauf | E18: Soll | F18: GuV | G18: Ja
... A27: 5900 | B27: Sonstige betriebliche Aufwendungen | C27: Aufwand | D27: Sonstiges | E27: Soll | F27: GuV | G27: Ja

Sheet Journal
A1: Doppelte Buchhaltung - Journal
A2: Einfacher Erfassungsbereich für Buchungen
A3: Hinweis: | B3: Komplexe Vorgänge mit mehreren Gegenkonten können über mehrere Zeilen mit derselben Beleg_Nr erfasst werden.
A5: Buchungs_ID | B5: Datum | C5: Beleg_Nr | D5: Buchungstext | E5: Soll_Konto | F5: Soll_Name | G5: Haben_Konto | H5: Haben_Name | I5: Betrag_EUR | J5: Monat | K5: Status | L5: Notiz
A6: =IF(OR(B6<>"",I6<>""),ROW()-5,"") -> 1 | B6: 46024 | C6: 2026-001 | D6: Kapitaleinlage auf Bankkonto | E6: 1020 | F6: =IF(E6="","",IFERROR(VLOOKUP(E6,Kontenrahmen!$A$5:$G$200,2,FALSE),"")) -> Bank | G6: 3000 | H6: =IF(G6="","",IFERROR(VLOOKUP(G6,Kontenrahmen!$A$5:$G$200,2,FALSE),"")) -> Eigenkapital | I6: 15000 | J6: =IF(B6="","",DATE(YEAR(B6),MONTH(B6),1)) -> 46023 | K6: =IF(COUNTA(B6,E6,G6,I6)=0,"",IF(AND(ISNUMBER(B6),E6<>"",G6<>"",E6<>G6,ISNUMBER(I6),I6>0),"OK","Prüfen")) -> OK | L6: Beispieldaten
A7: =IF(OR(B7<>"",I7<>""),ROW()-5,"") -> 2 | B7: 46025 | C7: 2026-002 | D7: Büromiete Januar per Bank | E7: 5100 | F7: =IF(E7="","",IFERROR(VLOOKUP(E7,Kontenrahmen!$A$5:$G$200,2,FALSE),"")) -> Miete | G7: 1020 | H7: =IF(G7="","",IFERROR(VLOOKUP(G7,Kontenrahmen!$A$5:$G$200,2,FALSE),"")) -> Bank | I7: 1200 | J7: =IF(B7="","",DATE(YEAR(B7),MONTH(B7),1)) -> 46023 | K7: =IF(COUNTA(B7,E7,G7,I7)=0,"",IF(AND(ISNUMBER(B7),E7<>"",G7<>"",E7<>G7,ISNUMBER(I7),I7>0),"OK","Prüfen")) -> OK | L7: Beispieldaten
A8: =IF(OR(B8<>"",I8<>""),ROW()-5,"") -> 3 | B8: 46026 | C8: 2026-003 | D8: Kauf Büromaterial bar | E8: 5500 | F8: =IF(E8="","",IFERROR(VLOOKUP(E8,Kontenrahmen!$A$5:$G$200,2,FALSE),"")) -> Bürobedarf | G8: 1000 | H8: =IF(G8="","",IFERROR(VLOOKUP(G8,Kontenrahmen!$A$5:$G$200,2,FALSE),"")) -> Kasse | I8: 180 | J8: =IF(B8="","",DATE(YEAR(B8),MONTH(B8),1)) -> 46023 | K8: =IF(COUNTA(B8,E8,G8,I8)=0,"",IF(AND(ISNUMBER(B8),E8<>"",G8<>"",E8<>G8,ISNUMBER(I8),I8>0),"OK","Prüfen")) -> OK | L8: Beispieldaten
A9: =IF(OR(B9<>"",I9<>""),ROW()-5,"") -> 4 | B9: 46027 | C9: 2026-004 | D9: Rechnung an Kunde A | E9: 1200 | F9: =IF(E9="","",IFERROR(VLOOKUP(E9,Kontenrahmen!$A$5:$G$200,2,FALSE),"")) -> Forderungen aus LuL | G9: 4000 | H9: =IF(G9="","",IFERROR(VLOOKUP(G9,Kontenrahmen!$A$5:$G$200,2,FALSE),"")) -> Umsatzerlöse | I9: 3500 | J9: =IF(B9="","",DATE(YEAR(B9),MONTH(B9),1)) -> 46023 | K9: =IF(COUNTA(B9,E9,G9,I9)=0,"",IF(AND(ISNUMBER(B9),E9<>"",G9<>"",E9<>G9,ISNUMBER(I9),I9>0),"OK","Prüfen")) -> OK | L9: Beispieldaten
A10: =IF(OR(B10<>"",I10<>""),ROW()-5,"") -> 5 | B10: 46030 | C10: 2026-005 | D10: Zahlung von Kunde A | E10: 1020 | F10: =IF(E10="","",IFERROR(VLOOKUP(E10,Kontenrahmen!$A$5:$G$200,2,FALSE),"")) -> Bank | G10: 1200 | H10: =IF(G10="","",IFERROR(VLOOKUP(G10,Kontenrahmen!$A$5:$G$200,2,FALSE),"")) -> Forderungen aus LuL | I10: 3500 | J10: =IF(B10="","",DATE(YEAR(B10),MONTH(B10),1)) -> 46023 | K10: =IF(COUNTA(B10,E10,G10,I10)=0,"",IF(AND(ISNUMBER(B10),E10<>"",G10<>"",E10<>G10,ISNUMBER(I10),I10>0),"OK","Prüfen")) -> OK | L10: Beispieldaten
A11: =IF(OR(B11<>"",I11<>""),ROW()-5,"") -> 6 | B11: 46031 | C11: 2026-006 | D11: Online-Marketing Rechnung bezahlt | E11: 5400 | F11: =IF(E11="","",IFERROR(VLOOKUP(E11,Kontenrahmen!$A$5:$G$200,2,FALSE),"")) -> Marketing | G11: 1020 | H11: =IF(G11="","",IFERROR(VLOOKUP(G11,Kontenrahmen!$A$5:$G$200,2,FALSE),"")) -> Bank | I11: 450 | J11: =IF(B11="","",DATE(YEAR(B11),MONTH(B11),1)) -> 46023 | K11: =IF(COUNTA(B11,E11,G11,I11)=0,"",IF(AND(ISNUMBER(B11),E11<>"",G11<>"",E11<>G11,ISNUMBER(I11),I11>0),"OK","Prüfen")) -> OK | L11: Beispieldaten
A12: =IF(OR(B12<>"",I12<>""),ROW()-5,"") -> 7 | B12: 46033 | C12: 2026-007 | D12: Wareneinkauf auf Ziel | E12: 5000 | F12: =IF(E12="","",IFERROR(VLOOKUP(E12,Kontenrahmen!$A$5:$G$200,2,FALSE),"")) -> Wareneinkauf | G12: 3300 | H12: =IF(G12="","",IFERROR(VLOOKUP(G12,Kontenrahmen!$A$5:$G$200,2,FALSE),"")) -> Verbindlichkeiten aus LuL | I12: 2000 | J12: =IF(B12="","",DATE(YEAR(B12),MONTH(B12),1)) -> 46023 | K12: =IF(COUNTA(B12,E12,G12,I12)=0,"",IF(AND(ISNUMBER(B12),E12<>"",G12<>"",E12<>G12,ISNUMBER(I12),I12>0),"OK","Prüfen")) -> OK | L12: Beispieldaten
A13: =IF(OR(B13<>"",I13<>""),ROW()-5,"") -> 8 | B13: 46037 | C13: 2026-008 | D13: Zahlung an Lieferant | E13: 3300 | F13: =IF(E13="","",IFERROR(VLOOKUP(E13,Kontenrahmen!$A$5:$G$200,2,FALSE),"")) -> Verbindlichkeiten aus LuL | G13: 1020 | H13: =IF(G13="","",IFERROR(VLOOKUP(G13,Kontenrahmen!$A$5:$G$200,2,FALSE),"")) -> Bank | I13: 2000 | J13: =IF(B13="","",DATE(YEAR(B13),MONTH(B13),1)) -> 46023 | K13: =IF(COUNTA(B13,E13,G13,I13)=0,"",IF(AND(ISNUMBER(B13),E13<>"",G13<>"",E13<>G13,ISNUMBER(I13),I13>0),"OK","Prüfen")) -> OK | L13: Beispieldaten
A14: =IF(OR(B14<>"",I14<>""),ROW()-5,"") -> 9 | B14: 46042 | C14: 2026-009 | D14: Bankgebühren Januar | E14: 5700 | F14: =IF(E14="","",IFERROR(VLOOKUP(E14,Kontenrahmen!$A$5:$G$200,2,FALSE),"")) -> Bankgebühren | G14: 1020 | H14: =IF(G14="","",IFERROR(VLOOKUP(G14,Kontenrahmen!$A$5:$G$200,2,FALSE),"")) -> Bank | I14: 18 | J14: =IF(B14="","",DATE(YEAR(B14),MONTH(B14),1)) -> 46023 | K14: =IF(COUNTA(B14,E14,G14,I14)=0,"",IF(AND(ISNUMBER(B14),E14<>"",G14<>"",E14<>G14,ISNUMBER(I14),I14>0),"OK","Prüfen")) -> OK | L14: Beispieldaten
A15: =IF(OR(B15<>"",I15<>""),ROW()-5,"") -> 10 | B15: 46047 | C15: 2026-010 | D15: Sonstige Erlöse bar | E15: 1000 | F15: =IF(E15="","",IFERROR(VLOOKUP(E15,Kontenrahmen!$A$5:$G$200,2,FALSE),"")) -> Kasse | G15: 4100 | H15: =IF(G15="","",IFERROR(VLOOKUP(G15,Kontenrahmen!$A$5:$G$200,2,FALSE),"")) -> Sonstige betriebliche Erträge | I15: 250 | J15: =IF(B15="","",DATE(YEAR(B15),MONTH(B15),1)) -> 46023 | K15: =IF(COUNTA(B15,E15,G15,I15)=0,"",IF(AND(ISNUMBER(B15),E15<>"",G15<>"",E15<>G15,ISNUMBER(I15),I15>0),"OK","Prüfen")) -> OK | L15: Beispieldaten
A16: =IF(OR(B16<>"",I16<>""),ROW()-5,"") -> 11 | B16: 46050 | C16: 2026-011 | D16: Versicherungsprämie per Bank | E16: 5800 | F16: =IF(E16="","",IFERROR(VLOOKUP(E16,Kontenrahmen!$A$5:$G$200,2,FALSE),"")) -> Versicherungen | G16: 1020 | H16: =IF(G16="","",IFERROR(VLOOKUP(G16,Kontenrahmen!$A$5:$G$200,2,FALSE),"")) -> Bank | I16: 300 | J16: =IF(B16="","",DATE(YEAR(B16),MONTH(B16),1)) -> 46023 | K16: =IF(COUNTA(B16,E16,G16,I16)=0,"",IF(AND(ISNUMBER(B16),E16<>"",G16<>"",E16<>G16,ISNUMBER(I16),I16>0),"OK","Prüfen")) -> OK | L16: Beispieldaten
A17: =IF(OR(B17<>"",I17<>""),ROW()-5,"") | F17: =IF(E17="","",IFERROR(VLOOKUP(E17,Kontenrahmen!$A$5:$G$200,2,FALSE),"")) | H17: =IF(G17="","",IFERROR(VLOOKUP(G17,Kontenrahmen!$A$5:$G$200,2,FALSE),"")) | J17: =IF(B17="","",DATE(YEAR(B17),MONTH(B17),1)) | K17: =IF(COUNTA(B17,E17,G17,I17)=0,"",IF(AND(ISNUMBER(B17),E17<>"",G17<>"",E17<>G17,ISNUMBER(I17),I17>0),"OK","Prüfen"))
A18: =IF(OR(B18<>"",I18<>""),ROW()-5,"") | F18: =IF(E18="","",IFERROR(VLOOKUP(E18,Kontenrahmen!$A$5:$G$200,2,FALSE),"")) | H18: =IF(G18="","",IFERROR(VLOOKUP(G18,Kontenrahmen!$A$5:$G$200,2,FALSE),"")) | J18: =IF(B18="","",DATE(YEAR(B18),MONTH(B18),1)) | K18: =IF(COUNTA(B18,E18,G18,I18)=0,"",IF(AND(ISNUMBER(B18),E18<>"",G18<>"",E18<>G18,ISNUMBER(I18),I18>0),"OK","Prüfen"))
A19: =IF(OR(B19<>"",I19<>""),ROW()-5,"") | F19: =IF(E19="","",IFERROR(VLOOKUP(E19,Kontenrahmen!$A$5:$G$200,2,FALSE),"")) | H19: =IF(G19="","",IFERROR(VLOOKUP(G19,Kontenrahmen!$A$5:$G$200,2,FALSE),"")) | J19: =IF(B19="","",DATE(YEAR(B19),MONTH(B19),1)) | K19: =IF(COUNTA(B19,E19,G19,I19)=0,"",IF(AND(ISNUMBER(B19),E19<>"",G19<>"",E19<>G19,ISNUMBER(I19),I19>0),"OK","Prüfen"))
A20: =IF(OR(B20<>"",I20<>""),ROW()-5,"") | F20: =IF(E20="","",IFERROR(VLOOKUP(E20,Kontenrahmen!$A$5:$G$200,2,FALSE),"")) | H20: =IF(G20="","",IFERROR(VLOOKUP(G20,Kontenrahmen!$A$5:$G$200,2,FALSE),"")) | J20: =IF(B20="","",DATE(YEAR(B20),MONTH(B20),1)) | K20: =IF(COUNTA(B20,E20,G20,I20)=0,"",IF(AND(ISNUMBER(B20),E20<>"",G20<>"",E20<>G20,ISNUMBER(I20),I20>0),"OK","Prüfen"))
A21: =IF(OR(B21<>"",I21<>""),ROW()-5,"") | F21: =IF(E21="","",IFERROR(VLOOKUP(E21,Kontenrahmen!$A$5:$G$200,2,FALSE),"")) | H21: =IF(G21="","",IFERROR(VLOOKUP(G21,Kontenrahmen!$A$5:$G$200,2,FALSE),"")) | J21: =IF(B21="","",DATE(YEAR(B21),MONTH(B21),1)) | K21: =IF(COUNTA(B21,E21,G21,I21)=0,"",IF(AND(ISNUMBER(B21),E21<>"",G21<>"",E21<>G21,ISNUMBER(I21),I21>0),"OK","Prüfen"))
A22: =IF(OR(B22<>"",I22<>""),ROW()-5,"") | F22: =IF(E22="","",IFERROR(VLOOKUP(E22,Kontenrahmen!$A$5:$G$200,2,FALSE),"")) | H22: =IF(G22="","",IFERROR(VLOOKUP(G22,Kontenrahmen!$A$5:$G$200,2,FALSE),"")) | J22: =IF(B22="","",DATE(YEAR(B22),MONTH(B22),1)) | K22: =IF(COUNTA(B22,E22,G22,I22)=0,"",IF(AND(ISNUMBER(B22),E22<>"",G22<>"",E22<>G22,ISNUMBER(I22),I22>0),"OK","Prüfen"))
A23: =IF(OR(B23<>"",I23<>""),ROW()-5,"") | F23: =IF(E23="","",IFERROR(VLOOKUP(E23,Kontenrahmen!$A$5:$G$200,2,FALSE),"")) | H23: =IF(G23="","",IFERROR(VLOOKUP(G23,Kontenrahmen!$A$5:$G$200,2,FALSE),"")) | J23: =IF(B23="","",DATE(YEAR(B23),MONTH(B23),1)) | K23: =IF(COUNTA(B23,E23,G23,I23)=0,"",IF(AND(ISNUMBER(B23),E23<>"",G23<>"",E23<>G23,ISNUMBER(I23),I23>0),"OK","Prüfen"))
A24: =IF(OR(B24<>"",I24<>""),ROW()-5,"") | F24: =IF(E24="","",IFERROR(VLOOKUP(E24,Kontenrahmen!$A$5:$G$200,2,FALSE),"")) | H24: =IF(G24="","",IFERROR(VLOOKUP(G24,Kontenrahmen!$A$5:$G$200,2,FALSE),"")) | J24: =IF(B24="","",DATE(YEAR(B24),MONTH(B24),1)) | K24: =IF(COUNTA(B24,E24,G24,I24)=0,"",IF(AND(ISNUMBER(B24),E24<>"",G24<>"",E24<>G24,ISNUMBER(I24),I24>0),"OK","Prüfen"))
A25: =IF(OR(B25<>"",I25<>""),ROW()-5,"") | F25: =IF(E25="","",IFERROR(VLOOKUP(E25,Kontenrahmen!$A$5:$G$200,2,FALSE),"")) | H25: =IF(G25="","",IFERROR(VLOOKUP(G25,Kontenrahmen!$A$5:$G$200,2,FALSE),"")) | J25: =IF(B25="","",DATE(YEAR(B25),MONTH(B25),1)) | K25: =IF(COUNTA(B25,E25,G25,I25)=0,"",IF(AND(ISNUMBER(B25),E25<>"",G25<>"",E25<>G25,ISNUMBER(I25),I25>0),"OK","Prüfen"))
A26: =IF(OR(B26<>"",I26<>""),ROW()-5,"") | F26: =IF(E26="","",IFERROR(VLOOKUP(E26,Kontenrahmen!$A$5:$G$200,2,FALSE),"")) | H26: =IF(G26="","",IFERROR(VLOOKUP(G26,Kontenrahmen!$A$5:$G$200,2,FALSE),"")) | J26: =IF(B26="","",DATE(YEAR(B26),MONTH(B26),1)) | K26: =IF(COUNTA(B26,E26,G26,I26)=0,"",IF(AND(ISNUMBER(B26),E26<>"",G26<>"",E26<>G26,ISNUMBER(I26),I26>0),"OK","Prüfen"))
A27: =IF(OR(B27<>"",I27<>""),ROW()-5,"") | F27: =IF(E27="","",IFERROR(VLOOKUP(E27,Kontenrahmen!$A$5:$G$200,2,FALSE),"")) | H27: =IF(G27="","",IFERROR(VLOOKUP(G27,Kontenrahmen!$A$5:$G$200,2,FALSE),"")) | J27: =IF(B27="","",DATE(YEAR(B27),MONTH(B27),1)) | K27: =IF(COUNTA(B27,E27,G27,I27)=0,"",IF(AND(ISNUMBER(B27),E27<>"",G27<>"",E27<>G27,ISNUMBER(I27),I27>0),"OK","Prüfen"))
A28: =IF(OR(B28<>"",I28<>""),ROW()-5,"") | F28: =IF(E28="","",IFERROR(VLOOKUP(E28,Kontenrahmen!$A$5:$G$200,2,FALSE),"")) | H28: =IF(G28="","",IFERROR(VLOOKUP(G28,Kontenrahmen!$A$5:$G$200,2,FALSE),"")) | J28: =IF(B28="","",DATE(YEAR(B28),MONTH(B28),1)) | K28: =IF(COUNTA(B28,E28,G28,I28)=0,"",IF(AND(ISNUMBER(B28),E28<>"",G28<>"",E28<>G28,ISNUMBER(I28),I28>0),"OK","Prüfen"))
... A305: =IF(OR(B305<>"",I305<>""),ROW()-5,"") | F305: =IF(E305="","",IFERROR(VLOOKUP(E305,Kontenrahmen!$A$5:$G$200,2,FALSE),"")) | H305: =IF(G305="","",IFERROR(VLOOKUP(G305,Kontenrahmen!$A$5:$G$200,2,FALSE),"")) | J305: =IF(B305="","",DATE(YEAR(B305),MONTH(B305),1)) | K305: =IF(COUNTA(B305,E305,G305,I305)=0,"",IF(AND(ISNUMBER(B305),E305<>"",G305<>"",E305<>G305,ISNUMBER(I305),I305>0),"OK","Prüfen"))

Sheet Hauptbuch
A1: Doppelte Buchhaltung - Hauptbuch
A2: Konto wählen: | B2: 1020 | D2: =IF(COUNTIF(Journal!$E$6:$E$305,$B$2)+COUNTIF(Journal!$G$6:$G$305,$B$2)=0,"Keine Buchungen für dieses Konto","Bewegungen für das gewählte Konto") -> Bewegungen für das gewählte Konto
A4: Konto_Name | B4: =IF(B2="","",IFERROR(VLOOKUP(B2,Kontenrahmen!$A$5:$G$200,2,FALSE),"")) -> Bank
A5: Hauptgruppe | B5: =IF(B2="","",IFERROR(VLOOKUP(B2,Kontenrahmen!$A$5:$G$200,3,FALSE),"")) -> Aktiva
A6: Natur | B6: =IF(B2="","",IFERROR(VLOOKUP(B2,Kontenrahmen!$A$5:$G$200,5,FALSE),"")) -> Soll
A9: Datum | B9: Buchungs_ID | C9: Beleg_Nr | D9: Buchungstext | E9: Gegenkonto | F9: Soll | G9: Haben | H9: Laufender Saldo | I9: _Index
A10: =IF($I10="","",Journal!$B6) -> 46024 | B10: =IF($I10="","",Journal!$A6) -> 1 | C10: =IF($I10="","",Journal!$C6) -> 2026-001 | D10: =IF($I10="","",Journal!$D6) -> Kapitaleinlage auf Bankkonto | E10: =IF($I10="","",IF(Journal!$E6=$B$2,Journal!$G6,Journal!$E6)) -> 3000 | F10: =IF($I10="","",IF(Journal!$E6=$B$2,Journal!$I6,"")) -> 15000 | G10: =IF($I10="","",IF(Journal!$G6=$B$2,Journal!$I6,"")) | H10: =IF($I10="","",IF($B$6="Soll",SUM($F$10:F10)-SUM($G$10:G10),SUM($G$10:G10)-SUM($F$10:F10))) -> 15000 | I10: =IF($B$2="","",IF(OR(Journal!$E6=$B$2,Journal!$G6=$B$2),ROW()-9,"")) -> 1
A11: =IF($I11="","",Journal!$B7) -> 46025 | B11: =IF($I11="","",Journal!$A7) -> 2 | C11: =IF($I11="","",Journal!$C7) -> 2026-002 | D11: =IF($I11="","",Journal!$D7) -> Büromiete Januar per Bank | E11: =IF($I11="","",IF(Journal!$E7=$B$2,Journal!$G7,Journal!$E7)) -> 5100 | F11: =IF($I11="","",IF(Journal!$E7=$B$2,Journal!$I7,"")) | G11: =IF($I11="","",IF(Journal!$G7=$B$2,Journal!$I7,"")) -> 1200 | H11: =IF($I11="","",IF($B$6="Soll",SUM($F$10:F11)-SUM($G$10:G11),SUM($G$10:G11)-SUM($F$10:F11))) -> 13800 | I11: =IF($B$2="","",IF(OR(Journal!$E7=$B$2,Journal!$G7=$B$2),ROW()-9,"")) -> 2
A12: =IF($I12="","",Journal!$B8) | B12: =IF($I12="","",Journal!$A8) | C12: =IF($I12="","",Journal!$C8) | D12: =IF($I12="","",Journal!$D8) | E12: =IF($I12="","",IF(Journal!$E8=$B$2,Journal!$G8,Journal!$E8)) | F12: =IF($I12="","",IF(Journal!$E8=$B$2,Journal!$I8,"")) | G12: =IF($I12="","",IF(Journal!$G8=$B$2,Journal!$I8,"")) | H12: =IF($I12="","",IF($B$6="Soll",SUM($F$10:F12)-SUM($G$10:G12),SUM($G$10:G12)-SUM($F$10:F12))) | I12: =IF($B$2="","",IF(OR(Journal!$E8=$B$2,Journal!$G8=$B$2),ROW()-9,""))
A13: =IF($I13="","",Journal!$B9) | B13: =IF($I13="","",Journal!$A9) | C13: =IF($I13="","",Journal!$C9) | D13: =IF($I13="","",Journal!$D9) | E13: =IF($I13="","",IF(Journal!$E9=$B$2,Journal!$G9,Journal!$E9)) | F13: =IF($I13="","",IF(Journal!$E9=$B$2,Journal!$I9,"")) | G13: =IF($I13="","",IF(Journal!$G9=$B$2,Journal!$I9,"")) | H13: =IF($I13="","",IF($B$6="Soll",SUM($F$10:F13)-SUM($G$10:G13),SUM($G$10:G13)-SUM($F$10:F13))) | I13: =IF($B$2="","",IF(OR(Journal!$E9=$B$2,Journal!$G9=$B$2),ROW()-9,""))
A14: =IF($I14="","",Journal!$B10) -> 46030 | B14: =IF($I14="","",Journal!$A10) -> 5 | C14: =IF($I14="","",Journal!$C10) -> 2026-005 | D14: =IF($I14="","",Journal!$D10) -> Zahlung von Kunde A | E14: =IF($I14="","",IF(Journal!$E10=$B$2,Journal!$G10,Journal!$E10)) -> 1200 | F14: =IF($I14="","",IF(Journal!$E10=$B$2,Journal!$I10,"")) -> 3500 | G14: =IF($I14="","",IF(Journal!$G10=$B$2,Journal!$I10,"")) | H14: =IF($I14="","",IF($B$6="Soll",SUM($F$10:F14)-SUM($G$10:G14),SUM($G$10:G14)-SUM($F$10:F14))) -> 17300 | I14: =IF($B$2="","",IF(OR(Journal!$E10=$B$2,Journal!$G10=$B$2),ROW()-9,"")) -> 5
A15: =IF($I15="","",Journal!$B11) -> 46031 | B15: =IF($I15="","",Journal!$A11) -> 6 | C15: =IF($I15="","",Journal!$C11) -> 2026-006 | D15: =IF($I15="","",Journal!$D11) -> Online-Marketing Rechnung bezahlt | E15: =IF($I15="","",IF(Journal!$E11=$B$2,Journal!$G11,Journal!$E11)) -> 5400 | F15: =IF($I15="","",IF(Journal!$E11=$B$2,Journal!$I11,"")) | G15: =IF($I15="","",IF(Journal!$G11=$B$2,Journal!$I11,"")) -> 450 | H15: =IF($I15="","",IF($B$6="Soll",SUM($F$10:F15)-SUM($G$10:G15),SUM($G$10:G15)-SUM($F$10:F15))) -> 16850 | I15: =IF($B$2="","",IF(OR(Journal!$E11=$B$2,Journal!$G11=$B$2),ROW()-9,"")) -> 6
A16: =IF($I16="","",Journal!$B12) | B16: =IF($I16="","",Journal!$A12) | C16: =IF($I16="","",Journal!$C12) | D16: =IF($I16="","",Journal!$D12) | E16: =IF($I16="","",IF(Journal!$E12=$B$2,Journal!$G12,Journal!$E12)) | F16: =IF($I16="","",IF(Journal!$E12=$B$2,Journal!$I12,"")) | G16: =IF($I16="","",IF(Journal!$G12=$B$2,Journal!$I12,"")) | H16: =IF($I16="","",IF($B$6="Soll",SUM($F$10:F16)-SUM($G$10:G16),SUM($G$10:G16)-SUM($F$10:F16))) | I16: =IF($B$2="","",IF(OR(Journal!$E12=$B$2,Journal!$G12=$B$2),ROW()-9,""))
A17: =IF($I17="","",Journal!$B13) -> 46037 | B17: =IF($I17="","",Journal!$A13) -> 8 | C17: =IF($I17="","",Journal!$C13) -> 2026-008 | D17: =IF($I17="","",Journal!$D13) -> Zahlung an Lieferant | E17: =IF($I17="","",IF(Journal!$E13=$B$2,Journal!$G13,Journal!$E13)) -> 3300 | F17: =IF($I17="","",IF(Journal!$E13=$B$2,Journal!$I13,"")) | G17: =IF($I17="","",IF(Journal!$G13=$B$2,Journal!$I13,"")) -> 2000 | H17: =IF($I17="","",IF($B$6="Soll",SUM($F$10:F17)-SUM($G$10:G17),SUM($G$10:G17)-SUM($F$10:F17))) -> 14850 | I17: =IF($B$2="","",IF(OR(Journal!$E13=$B$2,Journal!$G13=$B$2),ROW()-9,"")) -> 8
A18: =IF($I18="","",Journal!$B14) -> 46042 | B18: =IF($I18="","",Journal!$A14) -> 9 | C18: =IF($I18="","",Journal!$C14) -> 2026-009 | D18: =IF($I18="","",Journal!$D14) -> Bankgebühren Januar | E18: =IF($I18="","",IF(Journal!$E14=$B$2,Journal!$G14,Journal!$E14)) -> 5700 | F18: =IF($I18="","",IF(Journal!$E14=$B$2,Journal!$I14,"")) | G18: =IF($I18="","",IF(Journal!$G14=$B$2,Journal!$I14,"")) -> 18 | H18: =IF($I18="","",IF($B$6="Soll",SUM($F$10:F18)-SUM($G$10:G18),SUM($G$10:G18)-SUM($F$10:F18))) -> 14832 | I18: =IF($B$2="","",IF(OR(Journal!$E14=$B$2,Journal!$G14=$B$2),ROW()-9,"")) -> 9
A19: =IF($I19="","",Journal!$B15) | B19: =IF($I19="","",Journal!$A15) | C19: =IF($I19="","",Journal!$C15) | D19: =IF($I19="","",Journal!$D15) | E19: =IF($I19="","",IF(Journal!$E15=$B$2,Journal!$G15,Journal!$E15)) | F19: =IF($I19="","",IF(Journal!$E15=$B$2,Journal!$I15,"")) | G19: =IF($I19="","",IF(Journal!$G15=$B$2,Journal!$I15,"")) | H19: =IF($I19="","",IF($B$6="Soll",SUM($F$10:F19)-SUM($G$10:G19),SUM($G$10:G19)-SUM($F$10:F19))) | I19: =IF($B$2="","",IF(OR(Journal!$E15=$B$2,Journal!$G15=$B$2),ROW()-9,""))
A20: =IF($I20="","",Journal!$B16) -> 46050 | B20: =IF($I20="","",Journal!$A16) -> 11 | C20: =IF($I20="","",Journal!$C16) -> 2026-011 | D20: =IF($I20="","",Journal!$D16) -> Versicherungsprämie per Bank | E20: =IF($I20="","",IF(Journal!$E16=$B$2,Journal!$G16,Journal!$E16)) -> 5800 | F20: =IF($I20="","",IF(Journal!$E16=$B$2,Journal!$I16,"")) | G20: =IF($I20="","",IF(Journal!$G16=$B$2,Journal!$I16,"")) -> 300 | H20: =IF($I20="","",IF($B$6="Soll",SUM($F$10:F20)-SUM($G$10:G20),SUM($G$10:G20)-SUM($F$10:F20))) -> 14532 | I20: =IF($B$2="","",IF(OR(Journal!$E16=$B$2,Journal!$G16=$B$2),ROW()-9,"")) -> 11
A21: =IF($I21="","",Journal!$B17) | B21: =IF($I21="","",Journal!$A17) | C21: =IF($I21="","",Journal!$C17) | D21: =IF($I21="","",Journal!$D17) | E21: =IF($I21="","",IF(Journal!$E17=$B$2,Journal!$G17,Journal!$E17)) | F21: =IF($I21="","",IF(Journal!$E17=$B$2,Journal!$I17,"")) | G21: =IF($I21="","",IF(Journal!$G17=$B$2,Journal!$I17,"")) | H21: =IF($I21="","",IF($B$6="Soll",SUM($F$10:F21)-SUM($G$10:G21),SUM($G$10:G21)-SUM($F$10:F21))) | I21: =IF($B$2="","",IF(OR(Journal!$E17=$B$2,Journal!$G17=$B$2),ROW()-9,""))
... A309: =IF($I309="","",Journal!$B305) | B309: =IF($I309="","",Journal!$A305) | C309: =IF($I309="","",Journal!$C305) | D309: =IF($I309="","",Journal!$D305) | E309: =IF($I309="","",IF(Journal!$E305=$B$2,Journal!$G305,Journal!$E305)) | F309: =IF($I309="","",IF(Journal!$E305=$B$2,Journal!$I305,"")) | G309: =IF($I309="","",IF(Journal!$G305=$B$2,Journal!$I305,"")) | H309: =IF($I309="","",IF($B$6="Soll",SUM($F$10:F309)-SUM($G$10:G309),SUM($G$10:G309)-SUM($F$10:F309))) | I309: =IF($B$2="","",IF(OR(Journal!$E305=$B$2,Journal!$G305=$B$2),ROW()-9,""))

Sheet Berichte
A1: Doppelte Buchhaltung - Berichte
A2: Kompakte Übersicht über Prüfung, Summen, GuV und Bilanz
A4: Summenprüfung | I4: GuV
A5: Anzahl gültige Buchungen | B5: =COUNTIF(Journal!$K$6:$K$305,"OK") -> 11 | I5: Umsatzerlöse | J5: =SUMIFS($G$14:$G$36,$B$14:$B$36,"Umsatzerlöse") -> 3500
A6: Anzahl ungültige Buchungen | B6: =COUNTIF(Journal!$K$6:$K$305,"Prüfen") -> 0 | I6: Sonstige Erträge | J6: =SUMIFS($G$14:$G$36,$B$14:$B$36,"Sonstige betriebliche Erträge") -> 250
A7: Summe Soll | B7: =SUMIFS(Journal!$I$6:$I$305,Journal!$K$6:$K$305,"OK") -> 28398 | I7: Gesamterträge | J7: =J5+J6 -> 3750
A8: Summe Haben | B8: =SUMIFS(Journal!$I$6:$I$305,Journal!$K$6:$K$305,"OK") -> 28398 | I8: Gesamtaufwand | J8: =SUMIFS($G$14:$G$36,$C$14:$C$36,"Aufwand") -> 4148
A9: Differenz | B9: =B7-B8 -> 0 | I9: Jahresergebnis | J9: =J7-J8 -> -398
A10: Status | B10: =IF(B6=0,"OK","Prüfen") -> OK
A12: Summen- und Saldenliste | I12: Bilanz
A13: Konto_Nr | B13: Konto_Name | C13: Hauptgruppe | D13: Natur | E13: Soll_Summe | F13: Haben_Summe | G13: Saldo | I13: Aktiva gesamt | J13: =SUMIFS($G$14:$G$36,$C$14:$C$36,"Aktiva") -> 14602
A14: =Kontenrahmen!A5 -> 1000 | B14: =Kontenrahmen!B5 -> Kasse | C14: =Kontenrahmen!C5 -> Aktiva | D14: =Kontenrahmen!E5 -> Soll | E14: =SUMIFS(Journal!$I$6:$I$305,Journal!$E$6:$E$305,$A14,Journal!$K$6:$K$305,"OK") -> 250 | F14: =SUMIFS(Journal!$I$6:$I$305,Journal!$G$6:$G$305,$A14,Journal!$K$6:$K$305,"OK") -> 180 | G14: =IF($D14="Soll",E14-F14,F14-E14) -> 70 | I14: Passiva gesamt | J14: =SUMIFS($G$14:$G$36,$C$14:$C$36,"Passiva") -> 0
A15: =Kontenrahmen!A6 -> 1020 | B15: =Kontenrahmen!B6 -> Bank | C15: =Kontenrahmen!C6 -> Aktiva | D15: =Kontenrahmen!E6 -> Soll | E15: =SUMIFS(Journal!$I$6:$I$305,Journal!$E$6:$E$305,$A15,Journal!$K$6:$K$305,"OK") -> 18500 | F15: =SUMIFS(Journal!$I$6:$I$305,Journal!$G$6:$G$305,$A15,Journal!$K$6:$K$305,"OK") -> 3968 | G15: =IF($D15="Soll",E15-F15,F15-E15) -> 14532 | I15: Eigenkapital | J15: =SUMIFS($G$14:$G$36,$C$14:$C$36,"Eigenkapital") -> 15000
A16: =Kontenrahmen!A7 -> 1200 | B16: =Kontenrahmen!B7 -> Forderungen aus LuL | C16: =Kontenrahmen!C7 -> Aktiva | D16: =Kontenrahmen!E7 -> Soll | E16: =SUMIFS(Journal!$I$6:$I$305,Journal!$E$6:$E$305,$A16,Journal!$K$6:$K$305,"OK") -> 3500 | F16: =SUMIFS(Journal!$I$6:$I$305,Journal!$G$6:$G$305,$A16,Journal!$K$6:$K$305,"OK") -> 3500 | G16: =IF($D16="Soll",E16-F16,F16-E16) -> 0 | I16: Jahresergebnis | J16: =J9 -> -398
A17: =Kontenrahmen!A8 -> 1400 | B17: =Kontenrahmen!B8 -> Sonstige Forderungen | C17: =Kontenrahmen!C8 -> Aktiva | D17: =Kontenrahmen!E8 -> Soll | E17: =SUMIFS(Journal!$I$6:$I$305,Journal!$E$6:$E$305,$A17,Journal!$K$6:$K$305,"OK") -> 0 | F17: =SUMIFS(Journal!$I$6:$I$305,Journal!$G$6:$G$305,$A17,Journal!$K$6:$K$305,"OK") -> 0 | G17: =IF($D17="Soll",E17-F17,F17-E17) -> 0 | I17: Bilanzcheck | J17: =J13-(J14+J15+J16) -> 0
A18: =Kontenrahmen!A9 -> 1600 | B18: =Kontenrahmen!B9 -> Anlagevermögen | C18: =Kontenrahmen!C9 -> Aktiva | D18: =Kontenrahmen!E9 -> Soll | E18: =SUMIFS(Journal!$I$6:$I$305,Journal!$E$6:$E$305,$A18,Journal!$K$6:$K$305,"OK") -> 0 | F18: =SUMIFS(Journal!$I$6:$I$305,Journal!$G$6:$G$305,$A18,Journal!$K$6:$K$305,"OK") -> 0 | G18: =IF($D18="Soll",E18-F18,F18-E18) -> 0
A19: =Kontenrahmen!A10 -> 1800 | B19: =Kontenrahmen!B10 -> Vorsteuer | C19: =Kontenrahmen!C10 -> Aktiva | D19: =Kontenrahmen!E10 -> Soll | E19: =SUMIFS(Journal!$I$6:$I$305,Journal!$E$6:$E$305,$A19,Journal!$K$6:$K$305,"OK") -> 0 | F19: =SUMIFS(Journal!$I$6:$I$305,Journal!$G$6:$G$305,$A19,Journal!$K$6:$K$305,"OK") -> 0 | G19: =IF($D19="Soll",E19-F19,F19-E19) -> 0
A20: =Kontenrahmen!A11 -> 3000 | B20: =Kontenrahmen!B11 -> Eigenkapital | C20: =Kontenrahmen!C11 -> Eigenkapital | D20: =Kontenrahmen!E11 -> Haben | E20: =SUMIFS(Journal!$I$6:$I$305,Journal!$E$6:$E$305,$A20,Journal!$K$6:$K$305,"OK") -> 0 | F20: =SUMIFS(Journal!$I$6:$I$305,Journal!$G$6:$G$305,$A20,Journal!$K$6:$K$305,"OK") -> 15000 | G20: =IF($D20="Soll",E20-F20,F20-E20) -> 15000
A21: =Kontenrahmen!A12 -> 3200 | B21: =Kontenrahmen!B12 -> Jahresergebnis | C21: =Kontenrahmen!C12 -> Eigenkapital | D21: =Kontenrahmen!E12 -> Haben | E21: =SUMIFS(Journal!$I$6:$I$305,Journal!$E$6:$E$305,$A21,Journal!$K$6:$K$305,"OK") -> 0 | F21: =SUMIFS(Journal!$I$6:$I$305,Journal!$G$6:$G$305,$A21,Journal!$K$6:$K$305,"OK") -> 0 | G21: =IF($D21="Soll",E21-F21,F21-E21) -> 0
A22: =Kontenrahmen!A13 -> 3300 | B22: =Kontenrahmen!B13 -> Verbindlichkeiten aus LuL | C22: =Kontenrahmen!C13 -> Passiva | D22: =Kontenrahmen!E13 -> Haben | E22: =SUMIFS(Journal!$I$6:$I$305,Journal!$E$6:$E$305,$A22,Journal!$K$6:$K$305,"OK") -> 2000 | F22: =SUMIFS(Journal!$I$6:$I$305,Journal!$G$6:$G$305,$A22,Journal!$K$6:$K$305,"OK") -> 2000 | G22: =IF($D22="Soll",E22-F22,F22-E22) -> 0
A23: =Kontenrahmen!A14 -> 3400 | B23: =Kontenrahmen!B14 -> Sonstige Verbindlichkeiten | C23: =Kontenrahmen!C14 -> Passiva | D23: =Kontenrahmen!E14 -> Haben | E23: =SUMIFS(Journal!$I$6:$I$305,Journal!$E$6:$E$305,$A23,Journal!$K$6:$K$305,"OK") -> 0 | F23: =SUMIFS(Journal!$I$6:$I$305,Journal!$G$6:$G$305,$A23,Journal!$K$6:$K$305,"OK") -> 0 | G23: =IF($D23="Soll",E23-F23,F23-E23) -> 0
A24: =Kontenrahmen!A15 -> 3500 | B24: =Kontenrahmen!B15 -> Umsatzsteuer | C24: =Kontenrahmen!C15 -> Passiva | D24: =Kontenrahmen!E15 -> Haben | E24: =SUMIFS(Journal!$I$6:$I$305,Journal!$E$6:$E$305,$A24,Journal!$K$6:$K$305,"OK") -> 0 | F24: =SUMIFS(Journal!$I$6:$I$305,Journal!$G$6:$G$305,$A24,Journal!$K$6:$K$305,"OK") -> 0 | G24: =IF($D24="Soll",E24-F24,F24-E24) -> 0
A25: =Kontenrahmen!A16 -> 4000 | B25: =Kontenrahmen!B16 -> Umsatzerlöse | C25: =Kontenrahmen!C16 -> Ertrag | D25: =Kontenrahmen!E16 -> Haben | E25: =SUMIFS(Journal!$I$6:$I$305,Journal!$E$6:$E$305,$A25,Journal!$K$6:$K$305,"OK") -> 0 | F25: =SUMIFS(Journal!$I$6:$I$305,Journal!$G$6:$G$305,$A25,Journal!$K$6:$K$305,"OK") -> 3500 | G25: =IF($D25="Soll",E25-F25,F25-E25) -> 3500
A26: =Kontenrahmen!A17 -> 4100 | B26: =Kontenrahmen!B17 -> Sonstige betriebliche Erträge | C26: =Kontenrahmen!C17 -> Ertrag | D26: =Kontenrahmen!E17 -> Haben | E26: =SUMIFS(Journal!$I$6:$I$305,Journal!$E$6:$E$305,$A26,Journal!$K$6:$K$305,"OK") -> 0 | F26: =SUMIFS(Journal!$I$6:$I$305,Journal!$G$6:$G$305,$A26,Journal!$K$6:$K$305,"OK") -> 250 | G26: =IF($D26="Soll",E26-F26,F26-E26) -> 250
A27: =Kontenrahmen!A18 -> 5000 | B27: =Kontenrahmen!B18 -> Wareneinkauf | C27: =Kontenrahmen!C18 -> Aufwand | D27: =Kontenrahmen!E18 -> Soll | E27: =SUMIFS(Journal!$I$6:$I$305,Journal!$E$6:$E$305,$A27,Journal!$K$6:$K$305,"OK") -> 2000 | F27: =SUMIFS(Journal!$I$6:$I$305,Journal!$G$6:$G$305,$A27,Journal!$K$6:$K$305,"OK") -> 0 | G27: =IF($D27="Soll",E27-F27,F27-E27) -> 2000
A28: =Kontenrahmen!A19 -> 5100 | B28: =Kontenrahmen!B19 -> Miete | C28: =Kontenrahmen!C19 -> Aufwand | D28: =Kontenrahmen!E19 -> Soll | E28: =SUMIFS(Journal!$I$6:$I$305,Journal!$E$6:$E$305,$A28,Journal!$K$6:$K$305,"OK") -> 1200 | F28: =SUMIFS(Journal!$I$6:$I$305,Journal!$G$6:$G$305,$A28,Journal!$K$6:$K$305,"OK") -> 0 | G28: =IF($D28="Soll",E28-F28,F28-E28) -> 1200
A29: =Kontenrahmen!A20 -> 5200 | B29: =Kontenrahmen!B20 -> Strom / Nebenkosten | C29: =Kontenrahmen!C20 -> Aufwand | D29: =Kontenrahmen!E20 -> Soll | E29: =SUMIFS(Journal!$I$6:$I$305,Journal!$E$6:$E$305,$A29,Journal!$K$6:$K$305,"OK") -> 0 | F29: =SUMIFS(Journal!$I$6:$I$305,Journal!$G$6:$G$305,$A29,Journal!$K$6:$K$305,"OK") -> 0 | G29: =IF($D29="Soll",E29-F29,F29-E29) -> 0
... A36: =Kontenrahmen!A27 -> 5900 | B36: =Kontenrahmen!B27 -> Sonstige betriebliche Aufwendungen | C36: =Kontenrahmen!C27 -> Aufwand | D36: =Kontenrahmen!E27 -> Soll | E36: =SUMIFS(Journal!$I$6:$I$305,Journal!$E$6:$E$305,$A36,Journal!$K$6:$K$305,"OK") -> 0 | F36: =SUMIFS(Journal!$I$6:$I$305,Journal!$G$6:$G$305,$A36,Journal!$K$6:$K$305,"OK") -> 0 | G36: =IF($D36="Soll",E36-F36,F36-E36) -> 0
